 Dungeon Crawl Stone Soup version 0.23-a0-449-g8e4cbf7 (webtiles) character file.

9 Dfrag the Firebug (level 2, 16/19 HPs)
             Began as a Demonspawn Fire Elementalist on Nov 21, 2018.
             Quit the game on level 1 of the Dungeon.
             The game lasted 00:00:24 (102 turns).

Dfrag the Firebug (Demonspawn Fire Elementalist)     Turns: 102, Time: 00:00:25

Health: 16/19      AC:  2    Str:  8    XL:     2   Next: 3%
Magic:  1/5        EV: 12    Int: 16    God:
Gold:   13         SH:  0    Dex: 13    Spells: 4/5 levels left

rFire    . . .     SeeInvis .   d - +0 mace (curse)
rCold    . . .     Gourm    .   (no shield)
rNeg     . . .     Faith    .   a - +0 robe
rPois    .         Spirit   .   (no helmet)
rElec    .         Reflect  .   (no cloak)
rCorr    .         Harm     .   (no gloves)
MR       .....                  (no boots)
Stlth    ++........             (no amulet)
HPRegen  0.06/turn              (no ring)
MPRegen  0.09/turn              (no ring)

@: no status effects
A: sanguine armour 1
a: no special abilities


You were on level 1 of the Dungeon.
You were not hungry.

You visited 1 branch of the dungeon, and saw 1 of its levels.

You collected 13 gold pieces.

Inventory:

Hand Weapons
 d - a cursed +0 mace (weapon)
Armour
 a - a +0 robe (worn)
Scrolls
 b - a scroll of magic mapping {unknown}
Comestibles
 c - 2 rations


   Skills:
 - Level 1.7 Dodging
 - Level 1.7 Stealth
 + Level 2.2 Spellcasting
 + Level 1.4 Conjurations
 + Level 2.9 Fire Magic


You had 4 spell levels left.
You knew the following spells:

 Your Spells              Type           Power        Failure   Level  Hunger
a - Flame Tongue          Conj/Fire      #....        9%          1    #......

Your spell library contained the following spells:

 Spells                   Type           Power        Failure   Level  Hunger
 Throw Flame              Conj/Fire      #.....       13%         2    ###....
 Conjure Flame            Conj/Fire      #.......     26%         3    ###....
 Inner Flame              Hex/Fire       #.......     32%         3    ###....
 Sticky Flame             Conj/Fire      #.......     63%         4    #####..
 Fireball                 Conj/Fire      #.........   93%         5    ######.


Dungeon Overview and Level Annotations

Branches:
Dungeon (1/15)

Altars:


Innate Abilities, Weirdness & Mutations

When seriously injured, your bleeding wounds create armour. (AC +0)


Message History

A bat comes into view.
A bat is nearby!
A bat is nearby!
You barely miss the bat. The bat completely misses you.
The bat barely misses you. The bat completely misses you.
Casting: Flame Tongue (safe; 9% risk of failure)
Confirm with . or Enter, or press ? or * to list all spells.
Aiming: Flame Tongue (safe; 9% risk of failure)
Press: ? - help, Shift-Dir - straight line, f - bat
Aim: a bat The flame tongue hits the bat.
You kill the bat!
You have reached level 2!
Your demonic ancestry asserts itself...
You feel your blood ready itself to protect you.
Sorry, you're not good enough to have a special ability.
Casting: Flame Tongue (safe; 9% risk of failure)
Confirm with . or Enter, or press ? or * to list all spells.
You don't know that spell.
Are you sure you want to abandon this character and quit the game? (Confirm

############ #..........#
#..........+ #..[.......###
#########...##....##.#
#............'........
#.#.#####..)##....##.#
#...# ###....#####.###
###.######...#..@.......
##.........############
##...#..##.###≈≈≈≈#.#§§§≈##
..>........ #≈≈≈≈≈#.#§§§≈≈#
######.#....#≈≈#§ #.# ≈#≈§#
#...........#§§§§≈#.#§§§§§#
...#.###..#.#≈≈§§§#<#≈≈§§§#
#.........#.#≈§§§§#.#≈§§§§#
##...##....(#≈≈≈§§#.#≈§§§§#


There were no monsters in sight!

Vanquished Creatures
  A leopard gecko (D:1)
  4 bats (D:1)
  A kobold (D:1)
6 creatures vanquished.

Notes
Turn   | Place    | Note
-------+----------+-------------------------------------------
     0 | D:1      | Dfrag the Demonspawn Fire Elementalist began the quest for
                  | the Orb.
     0 | D:1      | Reached XP level 1. HP: 13/13 MP: 3/3
   101 | D:1      | Gained mutation: When seriously injured, your bleeding
                  | wounds create armour. (AC +0) [demonic ancestry]
   101 | D:1      | Reached XP level 2. HP: 16/19 MP: 0/5
   102 | D:1      | Quit the game

Vault maps used:
D:1:      saegor_arrival_miasma, kennysheep_nondescript

Action                   || total
-------------------------++-------
Melee: Mace              ||     9
 Cast: Flame Tongue      ||     8
Armor: Robe              ||    10
Dodge: Dodged            ||    16

Table legend:
 A = Non-vault XP
 B = Vault XP
 C = Vault XP percentage of total XP
 D = Non-vault monster count
 E = Vault monster count
 F = Vault count percentage of total count
                 A         B        C        D         E       F
            +---------+---------+-------+---------+---------+-------
      Total |      13 |       0 |   0.0 |       6 |       0 |   0.0
            +---------+---------+-------+---------+---------+-------
        D:1 |      13 |       0 |   0.0 |       6 |       0 |   0.0
            +---------+---------+-------+---------+---------+-------
